 Dungeon Crawl Stone Soup version 0.28-a0-793-g31680bbd8b (webtiles) character file.

Game seed: 7192340291278182136

382 cheechan the Cudgeller (level 6, -6/57 HPs)
             Began as a Naga Chaos Knight on Nov 3, 2021.
             Was a Plaything of Xom.
             Mangled by Grinder (7 damage)
             ... on level 6 of the Dungeon.
             The game lasted 00:08:15 (1928 turns).

cheechan the Cudgeller (Naga Chaos Knight)          Turns: 1928, Time: 00:08:15

Health: -6/57      AC:  6    Str: 23    XL:     6   Next: 76%
Magic:  6/6        EV: 10    Int: 14    God:    Xom [....*.]
Gold:   132        SH:  0    Dex: 14    Spells: 5/5 levels left

rFire   . . .      SeeInvis +   a - +0 mace (chaos)
rCold   . . .      Faith    .   (no shield)
rNeg    . . .      Spirit   .   b - +2 leather armour
rPois   +          Reflect  .   (no helmet)
rElec   .          Harm     .   m - +0 cloak
rCorr   .          Rampage  .   (no gloves)
Will    .....                   (no barding)
Stlth   ++........              (no amulet)
HPRegen 0.19/turn               j - +6 ring of strength
MPRegen 0.10/turn               (no ring)

@: short of breath, very slow
A: AC +2, large, see invisible, deformed body, poison resistance, slowness 2,
spit poison 1, naga tail 1, agile 2, clever 1, mutation resistance 1
a: Spit Poison, Renounce Religion


You were on level 6 of the Dungeon.
You worshipped Xom.
You were a beloved toy of Xom.
You visited 1 branch of the dungeon, and saw 4 of its levels.

You collected 132 gold pieces.

Inventory:

Hand Weapons
 a - a +0 mace of chaos (weapon)
 c - a +0 scythe
 k - a +0 whip
 l - a +3 quarterstaff of chaos
Missiles
 g - 37 arrows
 i - 16 bolts
Armour
 b - a +2 leather armour (worn)
 m - a +0 cloak (worn)
Jewellery
 j - a +6 ring of strength (left hand)
Potions
 e - a potion of heal wounds {unknown}
 f - a potion of attraction {unknown}
 h - a potion of flight {unknown}
 n - a potion of cancellation {unknown}


   Skills:
 + Level 4.2 Fighting
 + Level 5.1 Maces & Flails
 + Level 2.7 Armour
 + Level 2.2 Dodging
 + Level 2.5 Stealth


You had 5 spell levels left.
You didn't know any spells.
Your spell library was empty.

Dungeon Overview and Level Annotations

Branches:
Dungeon (3/15)

Altars:

Annotations:
D:6 Grinder


Innate Abilities, Weirdness & Mutations

Your serpentine skin is tough. (AC +2)
You have supernaturally acute eyesight. (SInv)
Armour fits poorly on your strangely shaped body.
Your system is resistant to poisons. (rPois)
You cover ground very slowly.
You can spit poison.
You have a snake-like lower body.
You are very agile. (Dex +4)
Your mind is acute. (Int +2)
You are somewhat resistant to further mutation.


Message History

The silver sears Grinder!
Grinder is heavily wounded.
The silver javelin pierces through the adder!
You kill the adder!
Grinder hits you.
You writhe in agony.
Abil: Spit Poison
Press: ? - help, Q - select action Shift-Dir - straight line, f/p - Grinder
Aim: Grinder (heavily wounded)
The splash of poison hits Grinder.
Grinder is heavily wounded.
Grinder gestures at you. You resist with some effort.
You hit Grinder.
Grinder goes berserk!
Grinder is heavily wounded.
Grinder hits you!
You writhe in agony.
Grinder closely misses you.
You sock Grinder!
Grinder is severely wounded.
Grinder closely misses you. x2
You hit Grinder but do no damage.
Grinder is severely wounded.
You have got your breath back.
Grinder hits you!
* * * LOW HITPOINT WARNING * * *
You writhe in agony.
* * * LOW HITPOINT WARNING * * *
Abil: Spit Poison
Press: ? - help, Q - select action Shift-Dir - straight line, f/p - Grinder
Aim: Grinder (severely wounded, berserk)
The splash of poison misses Grinder.
Grinder hits you.
* * * LOW HITPOINT WARNING * * *
You writhe in agony.
* * * LOW HITPOINT WARNING * * *
Grinder closely misses you.
Okay, then.
You barely miss Grinder.
Grinder is severely wounded.
Grinder hits you!
You die...
Xom chortles!

..... .|.$. ....).
...... .....#
....##
#..########...
#(.†5@.....#
#.......######....#
.....#### ..# ..?.
# #.. #. .


You could see Grinder (berserk).

Vanquished Creatures
  Sigmund (D:3)
  A bullfrog (D:3)
  Crazy Yiuf (D:2)
  Natasha (thrice) (D:2)
  An orc wizard (D:3)
  An adder (D:6)
  3 gnolls (D:2)
  A worm (D:2)
  2 orcs (D:3)
  5 endoplasms
  4 giant cockroaches
  4 goblins
  A hobgoblin (D:1)
  5 kobolds
  2 quokkas
  2 ball pythons
  2 bats (D:1)
  5 frilled lizards
  2 rats
46 creatures vanquished.

Vanquished Creatures (others)
  3 fungi (D:2)
3 creatures vanquished.

Grand Total: 49 creatures vanquished

Notes
Turn   | Place    | Note
-------+----------+-------------------------------------------
     0 | D:1      | cheechan the Naga Chaos Knight began the quest for the Orb.
     0 | D:1      | Reached XP level 1. HP: 21/21 MP: 1/1
    43 | D:1      | XOM: silly message
    72 | D:1      | XOM: scenery: 1 doors close
   154 | D:1      | Reached XP level 2. HP: 24/28 MP: 2/2
   181 | D:1      | XOM: god gift: 6 silver javelins
   693 | D:1      | Reached skill level 1 in Dodging
   827 | D:2      | Noticed Natasha
   831 | D:2      | XOM: summons 2 friendly demons
   836 | D:2      | Noticed a crimson imp
   836 | D:2      | Killed Natasha
   837 | D:2      | Reached XP level 3. HP: 23/34 MP: 3/3
   851 | D:2      | XOM: give mutations
   851 | D:2      | Gained mutation: You are agile. (Dex +2) [Xom's grace]
   851 | D:2      | Gained mutation: You are somewhat resistant to further
                  | mutation. [Xom's grace]
   851 | D:2      | Gained mutation: You are very agile. (Dex +4) [Xom's grace]
   851 | D:2      | Gained mutation: Your mind is acute. (Int +2) [Xom's grace]
  1030 | D:2      | Reached XP level 4. HP: 31/43 MP: 4/4
  1198 | D:2      | XOM: potion effect (invisibility)
  1206 | D:2      | XOM: smoke on damage
  1382 | D:2      | Found a runed translucent door.
  1382 | D:2      | Noticed Natasha
  1383 | D:2      | Noticed Crazy Yiuf
  1389 | D:2      | Killed Crazy Yiuf
  1390 | D:2      | Reached skill level 4 in Maces & Flails
  1390 | D:2      | Reached skill level 1 in Stealth
  1390 | D:2      | Reached XP level 5. HP: 25/50 MP: 5/5
  1400 | D:2      | Killed Natasha
  1457 | D:2      | Noticed Natasha
  1476 | D:2      | Killed Natasha
  1500 | D:3      | XOM: stealth player
  1510 | D:3      | Noticed Sigmund
  1811 | D:3      | Killed Sigmund
  1812 | D:3      | Reached XP level 6. HP: 42/57 MP: 6/6
  1884 | D:3      | Reached skill level 5 in Maces & Flails
  1912 | D:3      | You fall into a shaft and drop 3 floors!
  1912 | D:6      | Noticed Grinder
  1927 | D:6      | HP: 2/57 [Grinder (5)]
  1928 | D:6      | Mangled by Grinder

Illustrated notes

Levels and vault maps discovered:
D:1:      dpeg_arrival_rooms_a, layout_loops_corners
D:2:      layout_rooms, uniq_natasha, uniq_crazy_yiuf_cottage
D:3:      layout_loops_ring, minmay_misc_feat_tiny, uniq_sigmund, uniq_jessica
D:6:      layout_rooms, mainiacjoe_overflow_paths, minmay_temple_entry_poolview,
          gup_sewer_entry_spiral, dk_rats_in_the_wall, uniq_edmund,
          uniq_menkaure, uniq_grinder, uniq_duvessa

Skill      XL: |  1  2  3  4  5  6 |
---------------+-------------------+-----
Dodging        | 1 2 |  2.2
Armour         | 2 |  2.7
Maces & Flails | 4 5 |  5.1
Stealth        | 1 2 |  2.5
Fighting       | 4 |  4.2

Action                   |  1- 3 |  4- 6 || total
-------------------------+-------+-------++-------
Melee: Mace              |    85 |    58 ||   143
Throw: Javelin           |       |     6 ||     6
 Abil: Spit Poison       |     5 |     6 ||    11
  Use: Scroll            |     3 |     1 ||     4
       Potion            |       |     2 ||     2
 Stab: Invisible         |       |     1 ||     1
Armor: Leather armour    |    41 |    18 ||    59
Dodge: Dodged            |    56 |    42 ||    98

Table legend: (Time is in decaauts)
 A = Elapsed time spent in this place.
 B = Non-inter-level travel time spent in this place.
 C = Inter-level travel time spent in this place.
 D = Time resting spent in this place.
 E = Time spent auto-exploring this place.
 F = Levels seen in this place.
 G = Mean time per level.
                   A        B        C        D        E       F      G
               +--------+--------+--------+--------+--------+-----+--------+
         Total |   2560 |   2560 |      0 |    267 |      0 |   4 |  640.0 |
       Dungeon |   2560 |   2560 |      0 |    267 |      0 |   4 |  640.0 |
               +--------+--------+--------+--------+--------+-----+--------+

Top non-repeatable levels by time:
     D:2: 1292 daAuts
     D:1: 1057 daAuts
     D:3: 190 daAuts
     D:6: 21 daAuts
